cohdb
Replays
Latest Replays
All Replays
Popular Replays
Top Player Replays
Match Explorer
How It Works
Community
CoH3 Stats
Reddit
Sign in to upload your games and track your stats! →
Sign in with Steam
Match 36047680
Unlisted
Match 36047680
Overview
Messages
Build Orders
End
Kettenkrad Recon Vehicle
Selects Italian Coastal Battlegroup
Selects Coastal Reserves
Coastal Reserve
Coastal Reserve
Construct Infanterie Kompanie
MG 42 Machine Gun Team
Coastal Reserve
Coastal Reserve
Selects Artillery Officer
Medical Bunker
Construct Luftwaffe Kompanie
Coastal Reserve
Flak 30 Anti-aircraft Gun Team
Selects Artillery Officer
Artillery Officer
Infanterie Officer Quarters
Support Elements
Selects Support Bunkers
Wirbelwind Flakpanzer
Selects Designated Artillery Overwatch
Anti-tank Bunker
Selects Designated Artillery Overwatch
stachys
Executor
Happy PanzerVI
Yaas
Jank
테슬라주주
0
0
Comments
sign in to comment!
No comments posted yet!